 Dungeon Crawl Stone Soup version 0.25-a0-1119-g28b6fd0c3b (webtiles) character file.

Game seed: 8127786946084181290, levelgen mode: deterministic

56 Esekla the Magician (level 3, -3/22 HPs)
             Began as an Octopode Wizard on May 17, 2020.
             Slain by an adder skeleton (4 damage)
             ... on level 4 of the Dungeon.
             The game lasted 00:12:29 (1813 turns).

Esekla the Magician (Octopode Wizard)               Turns: 1813, Time: 00:12:30

Health: -3/22      AC:  1    Str:  6    XL:     3   Next: 95%
Magic:  1/8        EV: 17    Int: 21    God:
Gold:   74         SH:  0    Dex: 10    Spells: 1/10 levels left

rFire    + . .     SeeInvis .   i - +0 rapier
rCold    . . .     Gourm    .   (no shield)
rNeg     . . .     Faith    .   a - +0 hat
rPois    .         Spirit   .   (no amulet)
rElec    .         Reflect  .   b - +4 ring of evasion
rCorr    .         Harm     .   j - ring of protection from fire
MR       .....                  (no ring)
Stlth    +.........             (no ring)
HPRegen  0.07/turn              (no ring)
MPRegen  0.11/turn              (no ring)
                                (no ring)
                                (no ring)

@: very slightly contaminated, glowing
A: almost no armour, stealthy swim, amphibious, 8 rings, constrict 8, camouflage
1, gelatinous body 1
a: no special abilities


You were on level 4 of the Dungeon.
You were hungry.

You visited 1 branch of the dungeon, and saw 5 of its levels.

You collected 74 gold pieces.

Inventory:

Hand Weapons
 i - a +0 rapier (weapon)
Armour
 a - a +0 hat (worn)
Jewellery
 b - a +4 ring of evasion (left tentacle)
 j - a ring of protection from fire (right tentacle)
Scrolls
 h - a scroll of remove curse {unknown}
Potions
 d - a potion of haste {unknown}
 e - a potion of berserk rage {unknown}
 f - 3 potions of flight {unknown}
 g - a potion of heal wounds {unknown}
 k - a potion of brilliance {unknown}
 l - a potion of curing {unknown}
Comestibles
 c - 7 rations
 m - a chunk of flesh


   Skills:
 * Level 0.7 Fighting
 + Level 0.1 Short Blades
 + Level 2.1 Dodging
 - Level 2.6 Stealth
 * Level 4.0 Spellcasting
 * Level 1.2 Conjurations
   Level 1.0 Summonings
 * Level 1.2 Translocations
 * Level 0.2 Air Magic
 * Level 0.3 Poison Magic


You had one spell level left.
You knew the following spells:

 Your Spells              Type           Power        Failure   Level  Hunger
a - Magic Dart            Conj           #...         7%          1    None
b - Blink                 Tloc           N/A          11%         2    #......
c - Mephitic Cloud        Conj/Pois/Air  #.......     28%         3    ###....
f - Conjure Flame         Conj/Fire      #.......     28%         3    ###....

Your spell library contained the following spells:

 Spells                   Type           Power        Failure   Level  Hunger
 Call Imp                 Summ           #.......     12%         2    #......
 Slow                     Hex            #.......     19%         2    #......


Dungeon Overview and Level Annotations

Branches:
Dungeon (5/15)
 Temple: D:4-7

Altars:


Innate Abilities, Weirdness & Mutations

You cannot wear most types of armour.
You are very stealthy in the water. (Stealth+)
You are amphibious.
You can wear up to eight rings at the same time.
You can use your tentacles to constrict eight enemies at once.
Your skin changes colour to match your surroundings (Stealth+).
Your rubbery body absorbs attacks. (AC +1, EV +1)


Message History

You constrict the gnoll shaman.
The gnoll shaman hits you with a +0 club!
* * * LOW HITPOINT WARNING * * *
You hit the gnoll shaman but do no damage.
The gnoll shaman is almost dead.
You constrict the gnoll shaman.
The gnoll shaman prays to its god.
The gnoll shaman is healed somewhat.
The adder skeleton closely misses you.
You hit the gnoll shaman but do no damage.
You squeeze the gnoll shaman.
The gnoll shaman is almost dead.
You constrict the gnoll shaman, but do no damage.
The gnoll shaman prays to its god.
The gnoll shaman is healed somewhat.
The adder skeleton misses you.
You hit the gnoll shaman.
The gnoll shaman is almost dead.
You constrict the gnoll shaman.
The gnoll shaman prays to its god.
The gnoll shaman is healed somewhat.
The adder skeleton bites you.
You die...

.a..... ....... .....#
....... .....# ..... .
....# ....... ..g.
..#.... ...
#####....... #.#
##gg@Z.#
###.###g###..##.##
.........##>###...
.......#.##.# #.....
.......#.##.# #.###...
.......#....###.###..s
......................
.......##..####.......
....>.. #..# .......


You could see a gnoll shaman, a scorpion, a gnoll (fast) and an adder skeleton.

Vanquished Creatures
  A hound (D:4)
  A dart slug (D:1)
  An orc (D:4)
  5 bats
  A hobgoblin (D:1)
  2 kobolds (D:1)
  A quokka (D:4)
  A ball python (D:1)
  4 frilled lizards
  5 goblins
22 creatures vanquished.

Notes
Turn   | Place    | Note
-------+----------+-------------------------------------------
     0 | D:1      | Esekla the Octopode Wizard began the quest for the Orb.
     0 | D:1      | Reached XP level 1. HP: 11/11 MP: 4/4
   267 | D:1      | Reached XP level 2. HP: 17/17 MP: 0/6
   271 | D:1      | Learned a level 2 spell: Blink
  1164 | D:4      | Noticed a scorpion
  1543 | D:4      | Reached XP level 3. HP: 22/22 MP: 8/8
  1548 | D:4      | Learned a level 3 spell: Mephitic Cloud
  1552 | D:4      | Learned a level 3 spell: Conjure Flame
  1612 | D:4      | Reached skill level 4 in Spellcasting
  1755 | D:5      | Entered Level 5 of the Dungeon
  1767 | D:5      | Noticed an ogre
  1810 | D:4      | HP: 1/22 [gnoll shaman/+0 club (7)]
  1813 | D:4      | Slain by an adder skeleton

Illustrated notes

Levels and vault maps discovered:
D:1:      evilmike_arrival_plus, layout_basic
D:2:      layout_loops_corners, uniq_sigmund
D:3:      layout_basic
D:4:      layout_rooms
D:5:      layout_basic, minmay_temple_entry_drinking_statues, first_ration

Skill      XL: |  1  2  3 |
---------------+----------+-----
Spellcasting   | 4 |  4.0
Fighting       | |  0.7
Short Blades   | |  0.1
Dodging        | |  2.1
Stealth        | |  2.6
Conjurations   | |  1.2
Summonings     | |  1.0
Translocations | |  1.2
Air Magic      | |  0.2
Poison Magic   | |  0.3

Action                   || total
-------------------------++-------
Melee: Unarmed           ||    13
       Short sword       ||     7
       Rapier            ||    10
       Constrict         ||     5
       Tentacles         ||     4
 Cast: Magic Dart        ||    50
 Stab: Sleeping          ||     2
  Eat: Chunk             ||     2
Armor: Skin              ||     8
Dodge: Dodged            ||    35

Table legend:
 A = Non-vault XP
 B = Vault XP
 C = Vault XP percentage of total XP
 D = Non-vault monster count
 E = Vault monster count
 F = Vault count percentage of total count
                 A         B        C        D         E       F
            +---------+---------+-------+---------+---------+-------
      Total |      80 |       0 |   0.0 |      22 |       0 |   0.0
            +---------+---------+-------+---------+---------+-------
        D:1 |      22 |       0 |   0.0 |      12 |       0 |   0.0
        D:2 |       1 |       0 |   0.0 |       1 |       0 |   0.0
        D:3 |      10 |       0 |   0.0 |       6 |       0 |   0.0
        D:4 |      47 |       0 |   0.0 |       3 |       0 |   0.0
            +---------+---------+-------+---------+---------+-------
